[Event "28th Hit Open-A 2024"]
[Site "Nova Gorica"]
[Date "2024.02.01"]
[Round "8.44"]
[White "Papler, Peter"]
[Black "Mulec, Dejan"]
[Result "0-1"]
[ECO "A06"]
[WhiteElo "1691"]
[BlackElo "1577"]
[Annotator "NA"]
[PlyCount "122"]
[EventDate "2024.01.22"]
[EventType "swiss"]
[EventCountry "SLO"]
[SourceTitle "playchess.com"]
[Source "ChessBase"]
[SourceQuality "1"]
[TimeControl "5400+30"]

1. d3 Nf6 2. Nf3 d5 3. Nbd2 Bf5 4. c3 c6 5. Qc2 Nbd7 6. e4 dxe4 7. dxe4 Bg6 8. Nh4 e5 9. Nxg6 hxg6 10. Bc4 b5 11. Be2 Qb6 12. Nb3 a6 13. Be3 Qc7 14. O-O c5 15. Rad1 c4 16. Nc1 Bc5 17. Bxc5 Nxc5 18. Rfe1 O-O 19. Bf3 Rad8 20. b3 Rxd1 21. Rxd1 Rd8 22. Rxd8+ Qxd8 23. bxc4 bxc4 24. g3 g5 25. h3 Qd7 26. g4 a5 27. Ne2 Qd3 28. Qxd3 cxd3 29. Ng3 d2 30. Kf1 Nfxe4 31. Nxe4 Nxe4 32. Ke2 d1=Q+ 33. Kxd1 Nxc3+ 34. Kc2 Nxa2 35. Kb3 Nb4 36. Be4 Na6 37. Kc4 Kf8 38. Kb5 Nc7+ 39. Kxa5 Ke7 40. Kb4 Ne6 41. Bd3 Nf4 42. Bf1 Kd6 43. f3 e4 44. fxe4 Ke5 45. Kc3 Kxe4 46. Bc4 f6 47. Bf1 Kf3 48. Kd4 Kg3 49. Ke4 Nxh3 50. Kf5 Nf2 51. Be2 Kh4 52. Kg6 Nxg4 53. Kxg7 f5 54. Kg6 Ne3 55. Kf6 f4 56. Ke5 Kg3 57. Ke4 g4 58. Ba6 Nd1 59. Kd3 Kf2 60. Ke4 f3 61. Kf4 g3 0-1

[Event "28th Hit Open-A 2024"]
[Site "Nova Gorica"]
[Date "2024.02.02"]
[Round "9.2"]
[White "Berkes, Ferenc"]
[Black "Karacsonyi, Gellert"]
[Result "1-0"]
[ECO "D30"]
[WhiteElo "2613"]
[BlackElo "2398"]
[Annotator "ChessBase"]
[PlyCount "113"]
[EventDate "2024.01.22"]
[EventType "swiss"]
[EventCountry "SLO"]
[SourceTitle "playchess.com"]
[Source "ChessBase"]
[SourceQuality "1"]
[TimeControl "5400+30"]

1. d4 d5 2. c4 e6 3. Nf3 Nf6 4. e3 a6 5. b3 b6 6. cxd5 exd5 7. Bd3 Bd6 8. Ba3 O-O 9. Bxd6 cxd6 10. Nc3 a5 11. Rc1 Na6 12. O-O Nc7 13. h3 Ba6 14. Bxa6 Rxa6 15. Qd3 Qd7 16. Rc2 b5 17. Ne2 Ra7 18. a3 a4 19. Rb1 b4 20. bxa4 bxa3 21. Qb3 Rfa8 22. Nc3 Ne4 23. Qxa3 Nxc3 24. Qxc3 Qxa4 25. Qc6 Ne8 26. g4 Qxc6 27. Rxc6 Kf8 28. Kg2 Ra2 29. g5 f6 30. h4 fxg5 31. Nxg5 Kg8 32. Rb7 R2a7 33. Rxa7 Rxa7 34. Rc8 Re7 35. Rd8 h6 36. Nh3 Kf7 37. Nf4 Re4 38. Rd7+ Re7 39. Rxe7+ Kxe7 40. Nxd5+ Ke6 41. e4 g6 42. f4 Ng7 43. Kf3 Kf7 44. Nc7 Ke7 45. d5 Nh5 46. Ne6 Nf6 47. Nd4 Nh5 48. Nc2 Kf6 49. Ne3 g5 50. fxg5+ hxg5 51. hxg5+ Kxg5 52. Nc4 Kf6 53. Nxd6 Ke5 54. Nf7+ Kf6 55. Nh6 Ke5 56. Ke3 Nf6 57. Nf7# 1-0

[Event "28th Hit Open-A 2024"]
[Site "Nova Gorica"]
[Date "2024.02.02"]
[Round "9.3"]
[White "Goroshkov, Maksym"]
[Black "Sebenik, Matej"]
[Result "1/2-1/2"]
[ECO "B51"]
[WhiteElo "2338"]
[BlackElo "2536"]
[Annotator "ChessBase"]
[PlyCount "89"]
[EventDate "2024.01.22"]
[EventType "swiss"]
[EventCountry "SLO"]
[SourceTitle "playchess.com"]
[Source "ChessBase"]
[SourceQuality "1"]
[TimeControl "5400+30"]

1. e4 c5 2. Nf3 Nc6 3. Bb5 d6 4. O-O Bd7 5. c3 a6 6. Ba4 Nf6 7. Re1 b5 8. Bc2 Bg4 9. d4 cxd4 10. cxd4 e5 11. dxe5 dxe5 12. Be3 Bb4 13. Nc3 O-O 14. a3 Bxc3 15. bxc3 Qe7 16. a4 b4 17. cxb4 Nxb4 18. Bb1 a5 19. h3 Bh5 20. Bg5 Rfd8 21. Qb3 h6 22. Bh4 Bxf3 23. Qxf3 Rd2 24. Qc3 Rad8 25. Bg3 R2d4 26. Bc2 Nh5 27. Bh2 Nf4 28. Bxf4 exf4 29. Rad1 f3 30. Rxd4 Rxd4 31. Bb1 Qd7 32. Qxf3 Qxa4 33. e5 Qd7 34. Rc1 Qe8 35. Rc7 g6 36. Ra7 Nc6 37. Rc7 Nxe5 38. Qc3 Rd1+ 39. Kh2 Qe6 40. Bc2 Rd8 41. f4 Nd7 42. Qxa5 Qd6 43. Rc4 Nf6 44. Qe5 Kg7 45. Qc3 1/2-1/2

[Event "28th Hit Open-A 2024"]
[Site "Nova Gorica"]
[Date "2024.02.02"]
[Round "9.4"]
[White "Perossa, Nicolas"]
[Black "Csonka, Balazs"]
[Result "0-1"]
[ECO "C78"]
[WhiteElo "2277"]
[BlackElo "2479"]
[Annotator "ChessBase"]
[PlyCount "164"]
[EventDate "2024.01.22"]
[EventType "swiss"]
[EventCountry "SLO"]
[SourceTitle "playchess.com"]
[Source "ChessBase"]
[SourceQuality "1"]
[TimeControl "5400+30"]

1. e4 e5 2. Nf3 Nc6 3. Bb5 a6 4. Ba4 Nf6 5. O-O b5 6. Bb3 Bc5 7. c3 d6 8. d4 Bb6 9. a4 Rb8 10. a5 Ba7 11. h3 O-O 12. Be3 Nxe4 13. Bd5 exd4 14. Bxc6 dxe3 15. Bxe4 Re8 16. Qc2 exf2+ 17. Rxf2 Bxf2+ 18. Kxf2 h6 19. Qd3 d5 20. Bh7+ Kh8 21. Bf5 c5 22. Bxc8 Rxc8 23. Nbd2 Rc6 24. Nf1 Rce6 25. Ng3 Kg8 26. Rd1 Qxa5 27. Qxd5 b4 28. Qc4 bxc3 29. Qxc3 Qb6 30. Kg1 Re3 31. Qd2 c4 32. Qd4 Rb3 33. Qxb6 Rxb6 34. Rc1 Rxb2 35. Rxc4 Ra2 36. Ne4 a5 37. Nc3 Rb2 38. Rc5 Ra8 39. Ne5 Rc2 40. Nd7 Rd8 41. Ne5 Rdd2 42. h4 Rxg2+ 43. Kh1 Rh2+ 44. Kg1 Rhg2+ 45. Kh1 Rh2+ 46. Kg1 Rxh4 47. Nd7 h5 48. Nb6 Rg4+ 49. Kh1 Rh4+ 50. Kg1 Rg4+ 51. Kh1 h4 52. Nbd5 f6 53. Rxa5 Rc1+ 54. Kh2 Rc2+ 55. Kh1 Rd4 56. Ra8+ Kh7 57. Ra7 Rc1+ 58. Kh2 Rd2+ 59. Kh3 Rd3+ 60. Kxh4 Rcxc3 61. Nxc3 Rxc3 62. Kh5 Rc5+ 63. Kg4 Kg6 64. Rb7 Rc4+ 65. Kg3 f5 66. Kf3 Kf6 67. Kg3 g6 68. Rb6+ Kg5 69. Rb3 Rc6 70. Ra3 Kf6 71. Kh4 Rc4+ 72. Kg3 Rg4+ 73. Kf3 Kg5 74. Ra5 Rb4 75. Kg3 Rb3+ 76. Kg2 Kg4 77. Ra6 Rb2+ 78. Kg1 g5 79. Ra4+ f4 80. Ra3 f3 81. Ra1 Kg3 82. Kf1 Rh2 0-1

[Event "28th Hit Open-A 2024"]
[Site "Nova Gorica"]
[Date "2024.02.02"]
[Round "9.5"]
[White "Beliavsky, Alexander G"]
[Black "Plaskan, Jure"]
[Result "1-0"]
[ECO "D35"]
[WhiteElo "2475"]
[BlackElo "2262"]
[Annotator "ChessBase"]
[PlyCount "87"]
[EventDate "2024.01.22"]
[EventType "swiss"]
[EventCountry "SLO"]
[SourceTitle "playchess.com"]
[Source "ChessBase"]
[SourceQuality "1"]
[TimeControl "5400+30"]

1. c4 Nf6 2. Nc3 e6 3. d4 d5 4. cxd5 exd5 5. Bg5 Be7 6. e3 c6 7. Bd3 O-O 8. h3 Re8 9. Bf4 Nbd7 10. Nf3 a5 11. O-O Nf8 12. Bh2 b5 13. Ne5 Bb7 14. Rc1 N6d7 15. Nb1 Nxe5 16. Bxe5 Bd6 17. Bxd6 Qxd6 18. Nd2 a4 19. Nf3 Ne6 20. Re1 b4 21. Re2 g6 22. Rec2 Ra5 23. Qd2 Rea8 24. Bf1 Nd8 25. Ne5 b3 26. axb3 a3 27. b4 axb2 28. Rxb2 Ra1 29. Nd3 R8a3 30. Rxa1 Rxa1 31. Ra2 Rxa2 32. Qxa2 Bc8 33. Qa8 Qc7 34. Qa5 Ne6 35. Ne5 Qxa5 36. bxa5 c5 37. dxc5 Nxc5 38. Nc6 Bb7 39. Nb4 Kf8 40. a6 Ba8 41. a7 Ne6 42. Bb5 Nd8 43. Na6 Ne6 44. Bd7 1-0

[Event "28th Hit Open-A 2024"]
[Site "Nova Gorica"]
[Date "2024.02.02"]
[Round "9.6"]
[White "Marchesich, Giovanni"]
[Black "Doric, Darko"]
[Result "1/2-1/2"]
[ECO "B07"]
[WhiteElo "2210"]
[BlackElo "2456"]
[Annotator "ChessBase"]
[PlyCount "82"]
[EventDate "2024.01.22"]
[EventType "swiss"]
[EventCountry "SLO"]
[SourceTitle "playchess.com"]
[Source "ChessBase"]
[SourceQuality "1"]
[TimeControl "5400+30"]

1. e4 d6 2. d4 Nf6 3. Nc3 e5 4. dxe5 dxe5 5. Qxd8+ Kxd8 6. Bc4 Ke8 7. f4 Bb4 8. Bd3 exf4 9. Bxf4 c6 10. Nf3 Be6 11. h3 Nbd7 12. O-O h6 13. Bd2 Bd6 14. Ne2 Ne5 15. Bc3 Nfd7 16. Ned4 Rd8 17. Kh1 Rg8 18. Be2 a6 19. Nf5 Bc7 20. N3d4 Nc5 21. Rae1 Rd7 22. Nf3 f6 23. Bb4 Nxf3 24. Bxf3 Na4 25. b3 a5 26. Ba3 Nc3 27. Bb2 Be5 28. Bg4 Rd2 29. Bxc3 Bxc3 30. Re2 Rxe2 31. Bxe2 Bxf5 32. exf5 Ke7 33. Rd1 b5 34. Bf3 Rc8 35. a4 Rc7 36. Rd3 Be5 37. g4 b4 38. Kg2 c5 39. Bd5 Bd4 40. Rd2 Kd6 41. Bc4 Re7 1/2-1/2

[Event "28th Hit Open-A 2024"]
[Site "Nova Gorica"]
[Date "2024.02.02"]
[Round "9.7"]
[White "Drazic, Sinisa"]
[Black "Ceres, Dragos"]
[Result "0-1"]
[ECO "B50"]
[WhiteElo "2270"]
[BlackElo "2438"]
[Annotator "ChessBase"]
[PlyCount "76"]
[EventDate "2024.01.22"]
[EventType "swiss"]
[EventCountry "SLO"]
[SourceTitle "playchess.com"]
[Source "ChessBase"]
[SourceQuality "1"]
[TimeControl "5400+30"]

1. e4 c5 2. Nf3 d6 3. Bc4 Nf6 4. d3 e6 5. O-O Nc6 6. Nbd2 g6 7. c3 Bg7 8. Bb3 O-O 9. Qe2 b5 10. a3 a5 11. Rd1 a4 12. Bc2 e5 13. h3 Qb6 14. b3 axb3 15. Bxb3 Nh5 16. Nf1 Nf4 17. Qb2 Qc7 18. Ne3 Be6 19. Nd5 Bxd5 20. exd5 Ne7 21. Bxf4 exf4 22. Qd2 b4 23. axb4 Rxa1 24. Rxa1 cxb4 25. Rc1 bxc3 26. Qxf4 Rb8 27. Bc4 Nf5 28. Qe4 Qa7 29. d4 Nxd4 30. Bd3 Nb3 31. Rb1 Nc5 32. Rxb8+ Qxb8 33. Qe2 Nxd3 34. Qxd3 Qb2 35. Ne1 Qd2 36. Kf1 Qxd3+ 37. Nxd3 c2 38. Ke2 Bh6 0-1

[Event "28th Hit Open-A 2024"]
[Site "Nova Gorica"]
[Date "2024.02.02"]
[Round "9.8"]
[White "Bodrogi, Bendeguz"]
[Black "Cvitan, Ognjen"]
[Result "1/2-1/2"]
[ECO "A49"]
[WhiteElo "2261"]
[BlackElo "2422"]
[Annotator "ChessBase"]
[PlyCount "150"]
[EventDate "2024.01.22"]
[EventType "swiss"]
[EventCountry "SLO"]
[SourceTitle "playchess.com"]
[Source "ChessBase"]
[SourceQuality "1"]
[TimeControl "5400+30"]

1. Nf3 Nf6 2. g3 g6 3. Bg2 Bg7 4. O-O O-O 5. d4 d6 6. Nc3 d5 7. Re1 Bf5 8. Ne5 c6 9. a4 a5 10. b3 Nbd7 11. Nxd7 Qxd7 12. Bb2 Rfe8 13. Qc1 Rac8 14. Qd2 Rcd8 15. Rad1 b6 16. Qc1 h5 17. e4 Nxe4 18. Nxe4 Bxe4 19. Bxe4 dxe4 20. Rxe4 e5 21. c3 exd4 22. Rxe8+ Rxe8 23. cxd4 Re2 24. Re1 Qe6 25. Rxe2 Qxe2 26. Bc3 Qf3 27. h4 c5 28. Qd2 cxd4 29. Bxd4 Bxd4 30. Qxd4 Qxb3 31. Qd8+ Kh7 32. Qd7 Qb1+ 33. Kg2 Qe4+ 34. Kg1 Kg7 35. Qb5 Qd4 36. Qe8 Qd5 37. Kh2 Kf6 38. Kg1 Qe6 39. Qd8+ Ke5 40. Qd3 Qc6 41. Qe3+ Kf6 42. Qd4+ Ke7 43. Qe5+ Qe6 44. Qc7+ Kf8 45. Qc3 Qd6 46. Qc8+ Ke7 47. Qc4 Qc5 48. Qe4+ Kd8 49. Qa8+ Qc8 50. Qd5+ Qd7 51. Qc4 Qe6 52. Qc2 Qd5 53. Qe2 Kd7 54. Kh2 Qd4 55. Qb5+ Kd6 56. Kg1 Qc5 57. Qe8 Qc1+ 58. Kh2 Qc4 59. Qf8+ Kc6 60. Qc8+ Kd5 61. Qd8+ Kc5 62. Qe7+ Kc6 63. Qe8+ Kb7 64. Qd7+ Ka6 65. Qe8 Qd5 66. Qc8+ Ka7 67. Qc7+ Qb7 68. Qd6 Ka6 69. Qd3+ Ka7 70. Qd6 Qf3 71. Qc7+ Ka6 72. Qc8+ Qb7 73. Qc4+ Ka7 74. Qb5 Qe7 75. Qc6 Qb7 1/2-1/2

[Event "28th Hit Open-A 2024"]
[Site "Nova Gorica"]
[Date "2024.02.02"]
[Round "9.10"]
[White "Kulkarni Bhakti"]
[Black "Szegedy, Matyas"]
[Result "1-0"]
[ECO "D00"]
[WhiteElo "2364"]
[BlackElo "2129"]
[Annotator "ChessBase"]
[PlyCount "135"]
[EventDate "2024.01.22"]
[EventType "swiss"]
[EventCountry "SLO"]
[SourceTitle "playchess.com"]
[Source "ChessBase"]
[SourceQuality "1"]
[TimeControl "5400+30"]

1. d4 Nf6 2. Nf3 g6 3. Nc3 d5 4. Bf4 Bg7 5. Nb5 Na6 6. e3 O-O 7. h3 Bf5 8. Bd3 Bxd3 9. cxd3 c5 10. Be5 Qa5+ 11. Nc3 Rac8 12. O-O Rfd8 13. Qd2 c4 14. dxc4 Rxc4 15. Rfc1 Rdc8 16. Qd1 Nb8 17. Nd2 R4c6 18. Nb3 Qd8 19. Nc5 b6 20. Nd3 Ne4 21. Nb4 Rc4 22. Nbxd5 Nxc3 23. Nxc3 Bxe5 24. dxe5 Qc7 25. f4 Qc5 26. Qf3 b5 27. a3 b4 28. axb4 Qxb4 29. Qf2 Qb7 30. Rd1 Nd7 31. Rd4 Nb6 32. Qd2 R4c7 33. Rd8+ Rxd8 34. Qxd8+ Kg7 35. e6 fxe6 36. Qd4+ Kg8 37. Qe5 Qc6 38. Nb5 Rd7 39. Nd4 Qd6 40. Nxe6 Qxe5 41. fxe5 Rb7 42. Rf1 Rb8 43. Rc1 Nd7 44. Rc7 Nxe5 45. Rxe7 Rxb2 46. Rg7+ Kh8 47. Rxa7 Rb8 48. Ng5 h6 49. Rh7+ Kg8 50. Rxh6 Rb5 51. Rh4 Kg7 52. Rf4 Rb7 53. Ne6+ Kh7 54. Ng5+ Kg7 55. Nf3 Nf7 56. h4 Rb2 57. Rd4 Kf6 58. Rf4+ Kg7 59. Nd4 Ne5 60. Ne6+ Kg8 61. Re4 Nf7 62. Rg4 Ne5 63. Rg5 Rb5 64. Nd4 Ra5 65. Nf3 Ra1+ 66. Kh2 Nxf3+ 67. gxf3 Kf7 68. h5 1-0

[Event "28th Hit Open-A 2024"]
[Site "Nova Gorica"]
[Date "2024.02.02"]
[Round "9.11"]
[White "Skrbec, Leon"]
[Black "Lavrencic, Matic"]
[Result "1-0"]
[ECO "D37"]
[WhiteElo "2218"]
[BlackElo "2299"]
[Annotator "ChessBase"]
[PlyCount "81"]
[EventDate "2024.01.22"]
[EventType "swiss"]
[EventCountry "SLO"]
[SourceTitle "playchess.com"]
[Source "ChessBase"]
[SourceQuality "1"]
[TimeControl "5400+30"]

1. Nf3 d5 2. e3 Nf6 3. c4 e6 4. Nc3 Nbd7 5. d4 a6 6. Qc2 dxc4 7. a4 b6 8. Bxc4 Bb7 9. O-O Bb4 10. Rd1 O-O 11. Bd3 Qe7 12. e4 e5 13. d5 Nc5 14. Bg5 Nxd3 15. Qxd3 h6 16. Be3 Nd7 17. Nd2 Bd6 18. Nc4 Kh7 19. f4 g6 20. Rf1 exf4 21. Nxd6 cxd6 22. Rxf4 Ne5 23. Qe2 b5 24. a5 Bc8 25. Bd4 f5 26. exf5 Bxf5 27. Re1 Rae8 28. Ne4 Qd7 29. Qf1 g5 30. Nxd6 gxf4 31. Nxe8 Bd3 32. Qf2 Ng4 33. Qf3 Bg6 34. Ng7 Rc8 35. h3 Ne3 36. Bxe3 fxe3 37. Ne6 Qf7 38. Qxe3 Rc2 39. Rf1 Qb7 40. Nf8+ Kg7 41. Qe5+ 1-0

[Event "28th Hit Open-A 2024"]
[Site "Nova Gorica"]
[Date "2024.02.02"]
[Round "9.12"]
[White "Stevanic, David"]
[Black "Kozlovic, Jernej"]
[Result "0-1"]
[ECO "C52"]
[WhiteElo "2294"]
[BlackElo "2174"]
[Annotator "ChessBase"]
[PlyCount "62"]
[EventDate "2024.01.22"]
[EventType "swiss"]
[EventCountry "SLO"]
[SourceTitle "playchess.com"]
[Source "ChessBase"]
[SourceQuality "1"]
[TimeControl "5400+30"]

1. e4 e5 2. Nf3 Nc6 3. Bc4 Bc5 4. b4 Bxb4 5. c3 Ba5 6. d4 exd4 7. Qb3 Qf6 8. O-O Bb6 9. e5 Qg6 10. Ng5 Nh6 11. f4 Na5 12. f5 Qxg5 13. Bxg5 Nxb3 14. f6 g6 15. Bxh6 Nxa1 16. Bg7 Rg8 17. Kh1 Nc2 18. Bb3 Ne3 19. Rf4 d3 20. Nd2 Nf5 21. Ne4 Nxg7 22. Bxf7+ Kf8 23. Bxg8 Kxg8 24. Ng5 Ne6 25. f7+ Kf8 26. Nxh7+ Kg7 27. f8=Q+ Nxf8 28. Nf6 d2 29. Ne8+ Kh6 30. Rf1 d6 31. exd6 Bg4 0-1

[Event "28th Hit Open-A 2024"]
[Site "Nova Gorica"]
[Date "2024.02.02"]
[Round "9.13"]
[White "Ashwath, R.."]
[Black "Zupancic, Jernej"]
[Result "1/2-1/2"]
[ECO "E21"]
[WhiteElo "2284"]
[BlackElo "2211"]
[Annotator "RC"]
[PlyCount "35"]
[EventDate "2024.01.22"]
[EventType "swiss"]
[EventCountry "SLO"]
[SourceTitle "playchess.com"]
[Source "ChessBase"]
[SourceQuality "1"]
[TimeControl "5400+30"]

1. d4 Nf6 2. c4 e6 3. Nc3 Bb4 4. Nf3 b6 5. g3 Bb7 6. Bg2 O-O 7. Qb3 c5 8. a3 Bxc3+ 9. Qxc3 d6 10. O-O Qe7 11. dxc5 dxc5 12. Bg5 Nc6 13. e3 h6 14. Bxf6 Qxf6 15. Qxf6 gxf6 16. Nd2 Rfd8 17. Rfd1 Kf8 18. b4 1/2-1/2

[Event "28th Hit Open-A 2024"]
[Site "Nova Gorica"]
[Date "2024.02.02"]
[Round "9.14"]
[White "Ongut, Tamas Gunes"]
[Black "Jalovec, Igor"]
[Result "1-0"]
[ECO "E67"]
[WhiteElo "2310"]
[BlackElo "1703"]
[Annotator "ChessBase"]
[PlyCount "47"]
[EventDate "2024.01.22"]
[EventType "swiss"]
[EventCountry "SLO"]
[SourceTitle "playchess.com"]
[Source "ChessBase"]
[SourceQuality "1"]
[TimeControl "5400+30"]

1. c4 Nf6 2. Nc3 e5 3. Nf3 d6 4. d4 exd4 5. Nxd4 g6 6. g3 Bg7 7. Bg2 O-O 8. O-O Nbd7 9. b3 Nb6 10. Qd2 d5 11. c5 Nbd7 12. c6 Ne5 13. cxb7 Bxb7 14. Ba3 Re8 15. Rac1 Neg4 16. Qd3 Ne4 17. Nxe4 dxe4 18. Qb5 Bxd4 19. Qxb7 Nxf2 20. Rxf2 Qf6 21. Rcf1 Rab8 22. Qd5 Rbd8 23. Qc4 Re5 24. Qxd4 1-0

[Event "28th Hit Open-A 2024"]
[Site "Nova Gorica"]
[Date "2024.02.02"]
[Round "9.15"]
[White "Privitera, Franco"]
[Black "Furlan, Miha"]
[Result "0-1"]
[ECO "D02"]
[WhiteElo "1919"]
[BlackElo "2287"]
[Annotator "ChessBase"]
[PlyCount "50"]
[EventDate "2024.01.22"]
[EventType "swiss"]
[EventCountry "SLO"]
[SourceTitle "playchess.com"]
[Source "ChessBase"]
[SourceQuality "1"]
[TimeControl "5400+30"]

1. d4 d5 2. Nf3 Nf6 3. Bf4 e6 4. Nbd2 Bd6 5. Bg3 O-O 6. e3 b6 7. Bd3 Ba6 8. Qe2 Bxd3 9. Qxd3 c5 10. c3 Nc6 11. Ne5 Bxe5 12. dxe5 Nd7 13. f4 c4 14. Qe2 Nc5 15. O-O b5 16. f5 exf5 17. Rxf5 Qd7 18. Raf1 Rae8 19. Qh5 Re6 20. Rf6 Nd3 21. Nf3 gxf6 22. exf6 Rxf6 23. Nh4 Rxf1+ 24. Kxf1 f5 25. Qh6 Nce5 0-1

[Event "28th Hit Open-A 2024"]
[Site "Nova Gorica"]
[Date "2024.02.02"]
[Round "9.16"]
[White "Dorokhina, Elizaveta"]
[Black "Herega, Nejc"]
[Result "1/2-1/2"]
[ECO "D32"]
[WhiteElo "1994"]
[BlackElo "2257"]
[Annotator "ChessBase"]
[PlyCount "151"]
[EventDate "2024.01.22"]
[EventType "swiss"]
[EventCountry "SLO"]
[SourceTitle "playchess.com"]
[Source "ChessBase"]
[SourceQuality "1"]
[TimeControl "5400+30"]

1. d4 d5 2. c4 e6 3. Nc3 c5 4. cxd5 exd5 5. Nf3 Nc6 6. Bg5 Be7 7. Bxe7 Ngxe7 8. e3 c4 9. e4 O-O 10. Be2 dxe4 11. Nxe4 Bg4 12. Bxc4 Nf5 13. O-O Ncxd4 14. Neg5 Qf6 15. h3 Bh5 16. g4 Rad8 17. Ne4 Qc6 18. Bd3 Nxf3+ 19. Qxf3 Nd4 20. Qg2 Bg6 21. Rad1 Ne6 22. Bb1 h6 23. Nc3 Rxd1 24. Rxd1 Qb6 25. b3 Bxb1 26. Nxb1 f5 27. Nc3 Nf4 28. Nd5 Qd6 29. Qf3 fxg4 30. hxg4 Nxd5 31. Qxd5+ Qxd5 32. Rxd5 Rf4 33. Rd8+ Kh7 34. f3 Rxf3 35. Kg2 Rc3 36. Rd7 Rc2+ 37. Kg3 Rxa2 38. Rxb7 Ra1 39. Rc7 a5 40. Rb7 Ra3 41. Kf4 Ra1 42. Rb5 a4 43. bxa4 Rxa4+ 44. Kg3 Ra3+ 45. Kg2 Kg6 46. Rc5 Kf6 47. Rf5+ Ke6 48. Rb5 Re3 49. Ra5 Re5 50. Ra6+ Kd5 51. Kf3 Re6 52. Ra5+ Kd6 53. Ra7 Re7 54. Ra5 Ke6 55. Rb5 Kf6 56. Rf5+ Kg6 57. Ra5 Re6 58. Rb5 Kf7 59. Rb7+ Kf6 60. Ra7 g6 61. Kf4 Rb6 62. Ra5 Rb4+ 63. Kf3 Rb3+ 64. Kf2 Rh3 65. Rb5 Rh2+ 66. Kf3 Rd2 67. Ra5 Rd6 68. Kf4 g5+ 69. Kf3 Kg6 70. Ra8 Rb6 71. Kg3 Kf6 72. Ra5 Rb3+ 73. Kf2 Rb4 74. Kf3 Rf4+ 75. Kg3 Kg6 76. Ra8 1/2-1/2

[Event "28th Hit Open-A 2024"]
[Site "Nova Gorica"]
[Date "2024.02.02"]
[Round "9.17"]
[White "Gregoric, Andraz"]
[Black "Pirs, Matjaz"]
[Result "1/2-1/2"]
[ECO "A36"]
[WhiteElo "2217"]
[BlackElo "1965"]
[Annotator "ChessBase"]
[PlyCount "77"]
[EventDate "2024.01.22"]
[EventType "swiss"]
[EventCountry "SLO"]
[SourceTitle "playchess.com"]
[Source "ChessBase"]
[SourceQuality "1"]
[TimeControl "5400+30"]

1. e4 c5 2. Nf3 e6 3. c4 Nc6 4. Nc3 Nd4 5. g3 Ne7 6. Bg2 Nec6 7. d3 g6 8. O-O Bg7 9. Be3 O-O 10. Qd2 d6 11. Bh6 Bxh6 12. Qxh6 Nxf3+ 13. Bxf3 Qf6 14. Bg2 Rb8 15. Kh1 Nd4 16. a4 a6 17. f4 Qg7 18. Qh4 f5 19. Rae1 Bd7 20. Rf2 Rfc8 21. g4 fxg4 22. Qxg4 e5 23. Qg3 Be6 24. Bh3 Rf8 25. Ref1 Bxh3 26. Qxh3 exf4 27. Rxf4 Rxf4 28. Rxf4 Rf8 29. Nd5 Rxf4 30. Nxf4 Qf7 31. Qg4 Kg7 32. Kg2 h6 33. h4 Kh7 34. a5 Nc6 35. Qg3 Qf6 36. Kh3 Ne5 37. Kg2 Nc6 38. Kh3 Ne5 39. Kg2 1/2-1/2

[Event "28th Hit Open-A 2024"]
[Site "Nova Gorica"]
[Date "2024.02.02"]
[Round "9.18"]
[White "Siraj, Svit"]
[Black "Centrih, Aleks"]
[Result "0-1"]
[ECO "A48"]
[WhiteElo "2182"]
[BlackElo "2082"]
[Annotator "ChessBase"]
[PlyCount "112"]
[EventDate "2024.01.22"]
[EventType "swiss"]
[EventCountry "SLO"]
[SourceTitle "playchess.com"]
[Source "ChessBase"]
[SourceQuality "1"]
[TimeControl "5400+30"]

1. Nf3 Nf6 2. c3 g6 3. d4 Bg7 4. Nbd2 d5 5. b4 a5 6. e3 axb4 7. cxb4 Bf5 8. Ne5 Nbd7 9. Bd3 Nxe5 10. Bxf5 gxf5 11. dxe5 Ng4 12. a4 Nxe5 13. Ra3 e6 14. O-O O-O 15. Bb2 Nf3+ 16. Nxf3 Bxb2 17. Ra2 Bg7 18. Qb3 Qe7 19. Rc1 c6 20. Nd4 Rfc8 21. Rac2 Bf8 22. Rc5 Qd8 23. R5c3 Qb6 24. Rb1 Qxb4 25. Qxb4 Bxb4 26. Rxb4 c5 27. Rxb7 cxd4 28. Rxc8+ Rxc8 29. Kf1 dxe3 30. fxe3 Rc4 31. a5 Ra4 32. Rb5 Ra2 33. h3 Kg7 34. Rb4 Rxa5 35. Kf2 Rc5 36. Rb7 Rc4 37. Kf3 Kf6 38. Rd7 Rc3 39. Kf2 h5 40. h4 Rc4 41. g3 Rg4 42. Kf3 Rg7 43. Rd8 Rg4 44. Rh8 Kg7 45. Rd8 Ra4 46. Kf2 Ra3 47. Re8 Kf6 48. Rh8 Ke5 49. Rxh5 Ke4 50. Rg5 Ra2+ 51. Kf1 Kxe3 52. h5 d4 53. g4 fxg4 54. Rxg4 Kf3 55. Rxd4 Ra1+ 56. Rd1 Rxd1# 0-1

[Event "28th Hit Open-A 2024"]
[Site "Nova Gorica"]
[Date "2024.02.02"]
[Round "9.19"]
[White "Davies, Nigel R"]
[Black "Orsatti, Marcello"]
[Result "1-0"]
[ECO "D35"]
[WhiteElo "2349"]
[BlackElo "1918"]
[Annotator "RC"]
[PlyCount "61"]
[EventDate "2024.01.22"]
[EventType "swiss"]
[EventCountry "SLO"]
[SourceTitle "playchess.com"]
[Source "ChessBase"]
[SourceQuality "1"]
[TimeControl "5400+30"]

1. d4 d5 2. c4 e6 3. Nc3 Nf6 4. cxd5 exd5 5. Bg5 Nbd7 6. e3 Be7 7. Bd3 c6 8. h3 Ne4 9. Bf4 Ndf6 10. Qc2 Nxc3 11. bxc3 Bd6 12. Ne2 Bxf4 13. Nxf4 Qe7 14. O-O O-O 15. a4 g5 16. Ne2 g4 17. h4 Ne4 18. Bxe4 dxe4 19. g3 f5 20. c4 Be6 21. a5 b5 22. d5 Bd7 23. dxc6 Bxc6 24. cxb5 Bd5 25. Rfc1 Rac8 26. Qxc8 Rxc8 27. Rxc8+ Kf7 28. Rac1 Qb4 29. Nf4 Bb3 30. b6 axb6 31. a6 1-0

[Event "28th Hit Open-A 2024"]
[Site "Nova Gorica"]
[Date "2024.02.02"]
[Round "9.20"]
[White "Zupancic, Urban"]
[Black "Ceschia, Ivano"]
[Result "1-0"]
[ECO "B33"]
[WhiteElo "2025"]
[BlackElo "2183"]
[Annotator "ChessBase"]
[PlyCount "46"]
[EventDate "2024.01.22"]
[EventType "swiss"]
[EventCountry "SLO"]
[SourceTitle "playchess.com"]
[Source "ChessBase"]
[SourceQuality "1"]
[TimeControl "5400+30"]

1. e4 c5 2. Nf3 Nc6 3. d4 cxd4 4. Nxd4 Qb6 5. Nb3 Nf6 6. Nc3 e6 7. Bd3 Qc7 8. O-O a6 9. f4 d6 10. Qf3 Be7 11. Be3 Bd7 12. g4 g5 13. e5 Nxg4 14. exd6 Bxd6 15. Qxg4 gxf4 16. Bxf4 Bxf4 17. Qxf4 Ne5 18. Rae1 Rg8+ 19. Kh1 Bc6+ 20. Be4 O-O-O 21. Bxc6 Qxc6+ 22. Qe4 Qxe4+ 23. Nxe4 Rg7 1-0

[Event "28th Hit Open-A 2024"]
[Site "Nova Gorica"]
[Date "2024.02.02"]
[Round "9.21"]
[White "Hrescak, Ivana"]
[Black "Capaliku, Aleks"]
[Result "1/2-1/2"]
[ECO "A85"]
[WhiteElo "2117"]
[BlackElo "1913"]
[Annotator "ChessBase"]
[PlyCount "32"]
[EventDate "2024.01.22"]
[EventType "swiss"]
[EventCountry "SLO"]
[SourceTitle "playchess.com"]
[Source "ChessBase"]
[SourceQuality "1"]
[TimeControl "5400+30"]

1. d4 d5 2. c4 e6 3. Nc3 c6 4. e3 f5 5. Nf3 Nf6 6. Be2 Bd6 7. Bd2 O-O 8. O-O Nbd7 9. cxd5 exd5 10. Qb3 Ne4 11. Bd3 Qe7 12. Ne2 Ndf6 13. Ng3 g5 14. Bc3 Ng4 15. Qc2 Bd7 16. a3 Rae8 1/2-1/2

[Event "28th Hit Open-A 2024"]
[Site "Nova Gorica"]
[Date "2024.02.02"]
[Round "9.22"]
[White "Budai, Federico"]
[Black "Debevec, Blaz"]
[Result "1-0"]
[ECO "C63"]
[WhiteElo "1861"]
[BlackElo "2077"]
[Annotator "NA"]
[PlyCount "79"]
[EventDate "2024.01.22"]
[EventType "swiss"]
[EventCountry "SLO"]
[SourceTitle "playchess.com"]
[Source "ChessBase"]
[SourceQuality "1"]
[TimeControl "5400+30"]

1. e4 e5 2. Nf3 Nc6 3. Bb5 f5 4. d3 Nf6 5. O-O Bc5 6. exf5 O-O 7. Bxc6 dxc6 8. Nxe5 Bxf5 9. Be3 Bd6 10. Nc4 Ng4 11. h3 Nh2 12. Nxd6 Qxd6 13. Re1 Bxh3 14. Qh5 Nf3+ 15. gxf3 Qd7 16. Nd2 Be6 17. Kf1 Rf5 18. Qh1 Raf8 19. Ke2 Bd5 20. Rg1 c5 21. Rg3 b5 22. Bxc5 Re8+ 23. Be3 Qc6 24. Rc1 Qf6 25. c3 c5 26. Ne4 Qc6 27. Qg2 g6 28. a3 c4 29. d4 a5 30. Rg1 b4 31. axb4 axb4 32. Ra1 bxc3 33. bxc3 Qb6 34. Rd1 Rxf3 35. Qxf3 Bxe4 36. Qg4 Qb2+ 37. Kf1 Qxc3 38. Kg1 Qb2 39. Qd7 Qb8 40. Bh6 1-0